 Dungeon Crawl Stone Soup version 0.23.2-1-ga50397a (webtiles) character file.

Game seed: 2984199098110354517

606 night the Magician (level 7, -3/46 HPs)
             Began as a Mummy Summoner on Apr 16, 2019.
             Slain by a sky beast (5 damage)
             ... on level 5 of the Dungeon.
             The game lasted 00:17:09 (4439 turns).

night the Magician (Mummy Summoner)                 Turns: 4439, Time: 00:17:11

Health: -3/46      AC:  8    Str: 11    XL:     7   Next: 19%
Magic:  16/17      EV: 12    Int: 16    God:
Gold:   187        SH:  0    Dex: 13    Spells: 10/20 levels left

rFire    . . .     SeeInvis .   b - +4 quarterstaff (chaos)
rCold    + . .     Gourm    .   (shield currently unavailable)
rNeg     + + +     Faith    .   r - +2 robe {rF+}
rPois    ∞         Spirit   .   e - +0 helmet
rElec    .         Reflect  .   k - +0 cloak
rCorr    .         Harm     .   d - +1 pair of gloves
MR       .....                  (no boots)
Stlth    ++........             c - amulet of regeneration
HPRegen  0.55/turn              (no ring)
MPRegen  0.15/turn              (no ring)

@: no status effects
A: no food or potions, fire vulnerability, cold resistance 1, negative energy
resistance 3, torment resistance, unbreathing
a: no special abilities


You were on level 5 of the Dungeon.
You were not hungry.

You visited 1 branch of the dungeon, and saw 5 of its levels.

You collected 187 gold pieces.

Inventory:

Hand Weapons
 a - a +0 trident
 b - a +4 quarterstaff of chaos (weapon)
Missiles
 o - 46 stones (quivered)
 q - 11 bolts
Armour
 d - a +1 pair of gloves (worn)
 e - a +0 helmet (worn)
 k - a +0 cloak (worn)
 m - a +0 troll leather armour
 r - a +2 robe of fire resistance (worn)
Jewellery
 c - an amulet of regeneration (around neck)
Scrolls
 f - 4 scrolls of remove curse
 g - a scroll of immolation
 h - 4 scrolls of teleportation
 j - 5 scrolls of identify
 n - a scroll of random uselessness
 s - 3 scrolls of magic mapping
 t - a scroll of enchant armour


   Skills:
 - Level 1.5 Dodging
 - Level 1.5 Stealth
 * Level 7.0 Spellcasting
 + Level 4.9 Summonings
 + Level 2.5 Air Magic


You had 10 spell levels left.
You knew the following spells:

 Your Spells              Type           Power        Failure   Level  Hunger
a - Summon Small Mammal   Summ           ###.         1%          1    N/A
b - Call Imp              Summ           ###.....     2%          2    N/A
c - Call Canine Familiar  Summ           ###.....     4%          3    N/A
d - Summon Lightning Spi  Summ/Air       ###.....     26%         4    N/A

Your spell library contained the following spells:

 Spells                   Type           Power        Failure   Level  Hunger
 Poisonous Vapours        Pois/Air       #.....       11%         2    N/A
 Magic Dart               Conj           #...         12%         1    N/A
 Sting                    Conj/Pois      #...         12%         1    N/A
 Summon Guardian Golem    Hex/Summ       ##......     14%         3    N/A
 Searing Ray              Conj           #.....       19%         2    N/A
 Mephitic Cloud           Conj/Pois/Air  #.......     26%         3    N/A
 Dazzling Spray           Conj/Hex       #.....       36%         3    N/A
 Summon Ice Beast         Ice/Summ       ##......     41%         4    N/A
 Force Lance              Conj/Tloc      #.......     77%         4    N/A
 Fulminant Prism          Conj/Hex       #.........   77%         4    N/A
 Iskenderun's Mystic Bla  Conj           #.......     77%         4    N/A
 Olgreb's Toxic Radiance  Pois           #.......     77%         4    N/A
 Venom Bolt               Conj/Pois      #.........   98%         5    N/A

Dungeon Overview and Level Annotations

Branches:
Dungeon (5/15)
 Temple: D:4-7

Altars:
Elyvilon
Makhleb
Zin
The Shining One


Innate Abilities, Weirdness & Mutations

You do not eat or drink.
Your flesh is vulnerable to fire.
You are immune to poison.
Your flesh is cold resistant. (rC+)
You are immune to negative energy. (rN+++)
You are immune to unholy pain and torment.
You can survive without breathing.


Message History

Something barely misses you.
You closely miss something. Something hits you. Something shocks you.
Something hits you. Something shocks you.
* * * LOW HITPOINT WARNING * * *
You hit something. Something barely misses you.
Something hits you but does no damage.
You closely miss something. Something hits you but does no damage.
Something hits you.
* * * LOW HITPOINT WARNING * * *
Something shocks you.
* * * LOW HITPOINT WARNING * * *
You can't drink.
Casting: Summon Small Mammal (safe; 1% risk of failure)
Confirm with . or Enter, or press ? or * to list all spells.
A sky beast appears from thin air!
Reactivating autopickup.
The sky beast hits you.
* * * LOW HITPOINT WARNING * * *
The sky beast shocks you.
You die...

#.#.#####......#
#.#...#...###..###
......#...........
........#####..#
...............#
.##.##.........#
.##.##.#######.#
.......# #b#####.#
....#### #..@Y...#
##### #########


You could see a sky beast and a friendly bat.

Vanquished Creatures
  A phantom (D:4)
  A centaur zombie (D:5)
  A bullfrog zombie (D:5)
  A centaur skeleton (D:4)
  A hound (D:4)
  4 worker ants (D:4)
  A hound skeleton (D:4)
  5 adders
  A shadow imp (D:5)
  An ooze (D:2)
  An adder zombie (D:5)
  A worm (D:2)
  3 dart slugs
  4 leopard geckos
  An orc (D:3)
  3 ball pythons
  4 giant cockroaches
  3 goblins
  5 hobgoblins
  2 jackals (D:3)
  3 kobolds
  6 bats
  A frilled lizard (D:2)
  A leopard gecko zombie (D:5)
  5 rats
60 creatures vanquished.

Vanquished Creatures (collateral kills)
  Blork the orc (D:4)
  A scorpion (D:5)
  A hound (D:4)
  Crazy Yiuf (D:2)
  2 worker ants (D:4)
  An adder (D:3)
  An ooze (D:2)
  5 worms
  3 dart slugs
  2 leopard geckos
  3 orcs (D:4)
  3 giant cockroaches
  7 goblins
  4 hobgoblins (D:1)
  A jackal (D:3)
  2 kobolds (D:1)
  2 bats
  2 frilled lizards (D:1)
  A leopard gecko skeleton (D:4)
  2 rats
45 creatures vanquished.

Vanquished Creatures (others)
  2 orc wizards (D:4)
2 creatures vanquished.

Grand Total: 107 creatures vanquished

Notes
Turn   | Place    | Note
-------+----------+-------------------------------------------
     0 | D:1      | night the Mummy Summoner began the quest for the Orb.
     0 | D:1      | Reached XP level 1. HP: 13/13 MP: 4/4
   149 | D:1      | Reached skill level 3 in Spellcasting
   216 | D:1      | Reached XP level 2. HP: 2/19 MP: 1/6
   561 | D:1      | Learned a level 2 spell: Call Imp
  1072 | D:2      | Reached XP level 3. HP: 24/24 MP: 4/8
  1107 | D:2      | Learned a level 3 spell: Call Canine Familiar
  1228 | D:2      | Found a runed translucent door.
  1229 | D:2      | Noticed Crazy Yiuf
  1266 | D:2      | Killed Crazy Yiuf
  1266 | D:2      | Reached skill level 4 in Spellcasting
  1728 | D:2      | Reached XP level 4. HP: 30/30 MP: 10/10
  1744 | D:2      | Learned a level 4 spell: Summon Lightning Spire
  2297 | D:3      | Found a white marble altar of Elyvilon.
  2652 | D:3      | Found a burning altar of Makhleb.
  2655 | D:3      | Found a glowing silver altar of Zin.
  2656 | D:3      | Noticed an angel
  2656 | D:3      | Noticed a cacodemon
  2929 | D:4      | Reached skill level 1 in Air Magic
  2929 | D:4      | Reached XP level 5. HP: 34/35 MP: 12/12
  2953 | D:4      | Reached skill level 5 in Spellcasting
  2994 | D:4      | Noticed a phantom
  3060 | D:4      | Killed a phantom
  3180 | D:4      | Reached XP level 6. HP: 41/41 MP: 14/14
  3302 | D:4      | Found a glowing golden altar of the Shining One.
  3350 | D:4      | Noticed Blork the orc
  3416 | D:4      | Killed Blork the orc
  3416 | D:4      | Reached skill level 6 in Spellcasting
  4132 | D:5      | Entered Level 5 of the Dungeon
  4157 | D:5      | Reached XP level 7. HP: 30/46 MP: 14/17
  4407 | D:5      | Reached skill level 7 in Spellcasting
  4439 | D:5      | HP: 2/46 [sky beast (3)]
  4439 | D:5      | Slain by a sky beast

Skill      XL: |  1  2  3  4  5  6  7 |
---------------+----------------------+-----
Spellcasting   | 3 4 5 6 7 |  7.0
Summonings     | 4 |  4.9
Air Magic      | 1 2 |  2.5
Dodging        | |  1.5
Stealth        | |  1.5

Action                   |  1- 3 |  4- 6 |  7- 9 || total
-------------------------+-------+-------+-------++-------
Melee: Unarmed           |    22 |       |       ||    22
       Dagger            |    43 |       |       ||    43
       Spear             |    23 |   115 |       ||   138
       Quarterstaff      |     3 |    13 |    13 ||    29
       Trident           |       |   129 |    31 ||   160
 Cast: Summon Small Mamm |    46 |    38 |     2 ||    86
       Call Imp          |     9 |    11 |     2 ||    22
       Call Canine Famil |       |     2 |       ||     2
  Use: Scroll            |       |       |     9 ||     9
 Stab: Distracted        |     1 |     3 |       ||     4
       Sleeping          |       |     7 |     1 ||     8
Armor: Robe              |    27 |    28 |    17 ||    72
       Troll leather arm |     7 |    90 |       ||    97
Dodge: Dodged            |    64 |   161 |    27 ||   252
